cohdb
Replays
Latest Replays
All Replays
Popular Replays
Top Player Replays
Match Explorer
How It Works
Community
CoH3 Stats
Reddit
Sign in to upload your games and track your stats! →
Sign in with Steam
Match 42438129
Unlisted
Match 42438129
Overview
Messages
Build Orders
End
Selects Airborne Battlegroup
Selects Airborne Battlegroup
Selects Heavy Machine Gun Paradrop
Heavy Machine Gun Paradrop
Construct Barracks
Riflemen Squad
Heavy Machine Gun Paradrop
Riflemen Squad
Mechanized Support Center
Selects Paratrooper Squad Paradrop
Paratrooper Squad Paradrop
M1 Mortar Team
Selects Anti-tank Gun Team Paradrop
Selects Smoke Bombing Run
Construct Tank Depot
Selects Supply Drop
Paratrooper Squad Paradrop
M4A1 Sherman Medium Tank
高磊
Jsimons4
Steve Chappelle
2041162108
Origin0598
CommieRed
Thank You Chef
Lt Ghost
0
0
Comments
sign in to comment!
No comments posted yet!